 Dungeon Crawl Stone Soup version 0.30-a0-12-gd8047c6341 (webtiles) character file.

Game seed: 9433982184115388146

1 drugrobin the Sneak (level 1, 0/18 HPs)
             Began as a Demigod Delver on Aug 24, 2022.
             Slain by a bat (1 damage)
             ... on level 4 of the Dungeon.
             The game lasted 00:01:11 (126 turns).

drugrobin the Sneak (Demigod Delver)                 Turns: 126, Time: 00:01:11

Health: 0/18       AC:  3    Str: 13    XL:     1   Next: 13%
Magic:  3/3        EV: 11    Int: 12    God:
Gold:   0          SH:  0    Dex: 15    Spells: 0/0 levels left

rFire   . . .      SeeInvis .    a - +0 short sword
rCold   . . .      Faith    .    (no shield)
rNeg    . . .      Spirit   .    b - +0 leather armour
rPois   .          Reflect  .    (no helmet)
rElec   .          Harm     .    (no cloak)
rCorr   .          Rampage  .    (no gloves)
Will    .....                    (no boots)
Stlth   +++.......               (no amulet)
HPRegen 0.06/turn                (no ring)
MPRegen 0.08/turn                (no ring)

@: hasted, very quick
A: high MP 1, forlorn, divine attributes
a: no special abilities


You were on level 4 of the Dungeon.
You visited 1 branch of the dungeon, and saw 2 of its levels.

Inventory:

Hand Weapons
 a - a +0 short sword (weapon)
 h - a +1 antimagic spear
Armour
 b - a +0 leather armour (worn)
Wands
 g - a wand of digging (3)
Scrolls
 c - a scroll of fog
 d - a scroll of magic mapping
 e - a scroll of fear
 i - a scroll of teleportation {unknown}


   Skills:
 + Level 2.7 Fighting
 - Level 1.7 Short Blades
 - Level 1.7 Dodging
 + Level 4.5 Stealth


You couldn't memorise any spells.
You didn't know any spells.
Your spell library was empty.

Dungeon Overview and Level Annotations

Branches:
Dungeon (5/15)
 Temple: D:4-7

Portals:
Sewer: D:4


Innate Abilities, Weirdness & Mutations

You have an increased reservoir of magic. (+10% MP)
You shall have no god before yourself.
Your divine heritage dramatically boosts your attributes as you level up.


Message History

You kill the ball python!
The bat hits you but does no damage. The phantom barely misses you.
Unknown command.
Unknown command.
The bat hits you but does no damage.
Unknown command.
The phantom attacks as you move away! The phantom hits you. The bat hits you.
There is a glowing drain here.
Unknown command.
Unknown command.
The bat barely misses you. The phantom hits you.
* * * LOW HITPOINT WARNING * * *
The phantom blinks!
You blink.
You stop descending the stairs.
Unknown command.
Unknown command.
Unknown command.
Unknown command.
Okay, then.
Okay, then.
You feel yourself speed up. The phantom completely misses you.
Unknown command.
Unknown command.
Found a stone staircase leading up.
The bat hits you but does no damage.
You enter the shallow water.
Moving in this stuff is going to be slow.
The bat hits you but does no damage. Why would you want to do that?
The bat attacks as you move away! The bat barely misses you.
The bat completely misses you. The bat misses you.
You enter the shallow water.
Moving in this stuff is going to be slow.
The bat hits you.
* * * LOW HITPOINT WARNING * * *
The bat attacks as you move away! The bat hits you.
* * * LOW HITPOINT WARNING * * *
The bat closely misses you. The bat barely misses you.
The bat completely misses you.
There is a glowing drain here.
The bat hits you.
You die...

#####.#**,***,,**
##..,..#,,,* **,,,
######..###.#****
**,, #......~.~..#
**, #.##~~.~≈##.#
*, #.##~~.~~##.#
*, #.~~..W..~~.##
*, #.≈≈..b†.≈~..#
** #.~~..@..~≈..#
#.~≈(....~~..#
#.~~.....≈~..#
#.##~~~≈≈##.$#
#.##~~≈~~##..#
#......~.....#
*###########.#####
#.....#####
#####.....#


You could see a phantom and a bat.

Vanquished Creatures
  2 ball pythons (D:4)
2 creatures vanquished.

Notes
Turn   | Place    | Note
-------+----------+-------------------------------------------
     0 | D:5      | drugrobin the Demigod Delver began the quest for the Orb.
     0 | D:5      | Reached XP level 1. HP: 18/18 MP: 3/3
    22 | D:5      | Noticed a black bear
    32 | D:5      | Noticed a scorpion
    60 | D:4      | Noticed a phantom
    98 | D:4      | Found a glowing drain.
   126 | D:4      | Slain by a bat

Illustrated notes

Levels and vault maps discovered:
D:4:      layout_rooms, cheibrodos_sewer_entry_sluice, grunt_ministairs_6,
          chequers_mini_garden, minmay_strange_pillars
D:5:      layout_cave_pools, gammafunk_ghost_mausoleum, minmay_shop_grid_forest

Action                   || total
-------------------------++-------
Melee: Short sword       ||     3
  Use: Scroll            ||     1
       Potion            ||     1
 Stab: Sleeping          ||     1
Armor: Leather armour    ||     6
Dodge: Dodged            ||     9

Table legend: (Time is in decaauts)
 A = Elapsed time spent in this place.
 B = Non-inter-level travel time spent in this place.
 C = Inter-level travel time spent in this place.
 D = Time resting spent in this place.
 E = Time spent auto-exploring this place.
 F = Levels seen in this place.
 G = Mean time per level.
                   A        B        C        D        E       F      G
               +--------+--------+--------+--------+--------+-----+--------+
         Total |    123 |    123 |      0 |      0 |     20 |   2 |   61.5 |
       Dungeon |    123 |    123 |      0 |      0 |     20 |   2 |   61.5 |
               +--------+--------+--------+--------+--------+-----+--------+

Top non-repeatable levels by time:
     D:4: 84 daAuts
     D:5: 39 daAuts
